AoeStats
← Gjallarhorn

MegaRandom

503344055Analyzed
1v1 RM · 1mo ago on Aug 31, 2026· 18m 20s· 2 players
Game mode
Random Map
Map size
Tiny (2 player)
Population
200
Speed
Normal
Resources
Standard
Victory
Conquest
Starting age
Dark Age
Ending age
Imperial Age
RankedLock teamsTeams togetherTeam positionsShared explorationLock speedFull tech treeHidden civsTurbo modeCheats
Victory
Defeat
🇩🇪 Vikings · Germany
698
+14
🇨🇳 Persians · China
647
-14
Gjallarhorn
6:11 Loom
10:11 Feudal Age
11:08 Double-Bit Axe
12:01 Horse Collar
17:54 Fletching
红尘
11:19 Feudal Age
15:05 Double-Bit Axe
17:25 Castle Age
Connection lost

Rejoining the realm…

Still unreachable

The connection could not be restored.

Session expired

The server has moved on; the page needs a fresh start.